NYPL
UTICA BLUE JAYS @ NIAGARA FALLS RAPIDS
07/13/1982
 
TOP OF THE 1ST
Summit Red Dragons batting - Pitching for Aberdeen Ironbirds : RHP Danny Cox
Pitching: RHP Danny Cox
Batting: LHB Dave Leeper 0-0: Ball
1-0: Foul Ball, location: 2F
1-1: Ball
2-1: Ball
3-1: Ground out 1-3 (Groundball, 13S, EV 73.1 MPH)
Batting: RHB Pedro Hernandez 0-0: Ball
1-0: Fly out, F8 (Flyball, 8RS, EV 92.5 MPH)
Batting: SHB Craig Smajstrla 0-0: Ball
1-0: Foul Ball, location: 2F
1-1: Ball
2-1: Ground out 4-3 (Groundball, 4S, EV 91.3 MPH)
Top of the 1st over - 0 runs, 0 hits, 0 errors, 0 left on base; Summit 0 - Aberdeen 0
BOTTOM OF THE 1ST
Aberdeen Ironbirds batting - Pitching for Summit Red Dragons : LHP Lee Guetterman
Pitching: LHP Lee Guetterman
Batting: RHB Armando Morell 0-0: Swinging Strike
0-1: Ball
1-1: Fly out, F7 (Line Drive, 7, EV 111.9 MPH)
Batting: RHB Johnnie Walker 0-0: Swinging Strike
0-1: Foul Ball, location: 2F
0-2: Foul Ball, location: 2F
0-2: Fly out, F3 (Line Drive, 3, EV 71.3 MPH)
Batting: LHB Lorenzo Bundy 0-0: Called Strike
0-1: Foul Ball, location: 2F
0-2: Ball
1-2: Fly out, F6 (Flyball, 6D, EV 82.5 MPH)
Bottom of the 1st over - 0 runs, 0 hits, 0 errors, 0 left on base; Summit 0 - Aberdeen 0
TOP OF THE 2ND
Summit Red Dragons batting - Pitching for Aberdeen Ironbirds : RHP Danny Cox
Batting: RHB Gregory Norman 0-0: Foul Ball, location: 2F
0-1: Ball
1-1: Foul Ball, location: 2F
1-2: Strikes out looking
Batting: RHB Sean Severns 0-0: Called Strike
0-1: Ball
1-1: Foul Ball, location: 2F
1-2: Ball
2-2: Ground out 6-3 (Groundball, 6, EV 88.1 MPH)
Batting: RHB Charles Jennings 0-0: Foul Ball, location: 2F
0-1: Called Strike
0-2: Ball
1-2: Strikes out looking
Top of the 2nd over - 0 runs, 0 hits, 0 errors, 0 left on base; Summit 0 - Aberdeen 0
BOTTOM OF THE 2ND
Aberdeen Ironbirds batting - Pitching for Summit Red Dragons : LHP Lee Guetterman
Batting: RHB Craig Kornfeld 0-0: Called Strike
0-1: Ball
1-1: Ball
2-1: Ball
3-1: Called Strike
3-2: Ground out 6-3 (Groundball, 6, EV 98.1 MPH)
Batting: SHB Nelson Simmons 0-0: Foul Ball, location: 2F
0-1: Ball
1-1: Swinging Strike
1-2: Ball
2-2: Ball
3-2: Base on Balls
Batting: RHB Harry McCulla 0-0: Ball
1-0: Ball
2-0: SINGLE (Line Drive, 78S, EV 104.4 MPH)
Nelson Simmons to second
Batting: RHB Victor Trujillo 0-0: Foul Ball, location: 2F
0-1: Ball
1-1: Ball
2-1: Ball
3-1: Fly out, F4 (Popup, 23, EV 83.1 MPH)
Batting: RHB Alex Zermeno 0-0: Swinging Strike
0-1: Swinging Strike
0-2: Reached on error, E4 (Groundball, 4, EV 88.8 MPH)
Nelson Simmons to third
Harry McCulla to second
Batting: LHB Steve Turco 0-0: Ground out 4-3 (Groundball, 4, EV 86.9 MPH)
Bottom of the 2nd over - 0 runs, 1 hit, 1 error, 3 left on base; Summit 0 - Aberdeen 0
TOP OF THE 3RD
Summit Red Dragons batting - Pitching for Aberdeen Ironbirds : RHP Danny Cox
Batting: RHB Javier Flores 0-0: Ball
1-0: Ball
2-0: Swinging Strike
2-1: Called Strike
2-2: Strikes out looking
Batting: RHB Kenneth Gordon 0-0: Swinging Strike
0-1: Ground out 4-3 (Groundball, 34, EV 105.6 MPH)
Batting: RHB Manuel Villa 0-0: Ball
1-0: Ground out 5-3 (Groundball, 5, EV 83.1 MPH)
Top of the 3rd over - 0 runs, 0 hits, 0 errors, 0 left on base; Summit 0 - Aberdeen 0
BOTTOM OF THE 3RD
Aberdeen Ironbirds batting - Pitching for Summit Red Dragons : LHP Lee Guetterman
Batting: RHB Armando Morell 0-0: Ball
1-0: Called Strike
1-1: Foul Ball, location: 2F
1-2: Ball
2-2: SINGLE (Groundball, 34D, EV 93.8 MPH)
Batting: RHB Johnnie Walker 0-0: Ball
1-0: Fly out, F8 (Flyball, 8RD, EV 101.9 MPH)
Batting: LHB Lorenzo Bundy 0-0: Ball
1-0: Fielders Choice at 2nd, 1-6 (Groundball, 34S, EV 84.4 MPH)
Batting: RHB Craig Kornfeld 0-0: Ball
1-0: Ball
2-0: Ball
3-0: Called Strike
3-1: Base on Balls
Lorenzo Bundy to second
Batting: SHB Nelson Simmons 0-0: Called Strike
0-1: Ball
1-1: Swinging Strike
1-2: Foul Ball, location: 2F
1-2: Ball
2-2: Foul Ball, location: 2F
2-2: Ground out 6-3 (Groundball, 6M, EV 81.9 MPH)
Bottom of the 3rd over - 0 runs, 1 hit, 0 errors, 2 left on base; Summit 0 - Aberdeen 0
TOP OF THE 4TH
Summit Red Dragons batting - Pitching for Aberdeen Ironbirds : RHP Danny Cox
Batting: LHB Dave Leeper 0-0: Ground out 2-3 (Groundball, 13S, EV 68.1 MPH)
Batting: RHB Pedro Hernandez 0-0: Ball
1-0: Ball
2-0: Swinging Strike
2-1: Foul Ball, location: 2F
2-2: Fly out, F8 (Line Drive, 8LD, EV 93.1 MPH)
Batting: SHB Craig Smajstrla 0-0: Ground out 1-3 (Groundball, 13S, EV 68.8 MPH)
Top of the 4th over - 0 runs, 0 hits, 0 errors, 0 left on base; Summit 0 - Aberdeen 0
BOTTOM OF THE 4TH
Aberdeen Ironbirds batting - Pitching for Summit Red Dragons : LHP Lee Guetterman
Batting: RHB Harry McCulla 0-0: Called Strike
0-1: Ball
1-1: Ball
2-1: SOLO HOME RUN (Flyball, 9LD, EV 100.6 MPH), Distance : 340 ft
Batting: RHB Victor Trujillo 0-0: Ball
1-0: Called Strike
1-1: Ball
2-1: SINGLE (Groundball, 6MD, EV 98.8 MPH)
Batting: RHB Alex Zermeno 0-0: Ball
1-0: Fly out, F1 (Line Drive, P, EV 74.4 MPH)
Batting: LHB Steve Turco 0-0: Called Strike
0-1: Grounds into double play, 5-4-3 (Groundball, 56, EV 101.3 MPH)
Bottom of the 4th over - 1 run, 2 hits, 0 errors, 0 left on base; Summit 0 - Aberdeen 1
TOP OF THE 5TH
Summit Red Dragons batting - Pitching for Aberdeen Ironbirds : RHP Danny Cox
Batting: RHB Gregory Norman 0-0: Called Strike
0-1: DOUBLE (Line Drive, 89M, EV 96.9 MPH) - OUT at third base trying to stretch hit.
Batting: RHB Sean Severns 0-0: Ball
1-0: Ball
2-0: Ball
3-0: Called Strike
3-1: Called Strike
3-2: SINGLE (Groundball, 4MD, EV 101.3 MPH)
Batting: RHB Charles Jennings 0-0: Ball
1-0: Foul Ball, location: 2F
1-1: Fielders Choice at 2nd, 3-6 (Groundball, 3, EV 91.3 MPH)
Batting: RHB Javier Flores 0-0: Called Strike
0-1: Ball
1-1: Ball
2-1: Swinging Strike
2-2: Foul Ball, location: 2F
2-2: Strikes out swinging
Top of the 5th over - 0 runs, 2 hits, 0 errors, 1 left on base; Summit 0 - Aberdeen 1
BOTTOM OF THE 5TH
Aberdeen Ironbirds batting - Pitching for Summit Red Dragons : LHP Lee Guetterman
Batting: RHB Armando Morell 0-0: Ball
1-0: Swinging Strike
1-1: Fly out, F7 (Flyball, 7, EV 93.1 MPH)
Batting: RHB Johnnie Walker 0-0: Foul Ball, location: 2F
0-1: Ball
1-1: Ball
2-1: Called Strike
2-2: Ball
3-2: SINGLE (Line Drive, 89S, EV 108.8 MPH)
Batting: LHB Lorenzo Bundy 0-0: Called Strike
0-1: Ball
1-1: SINGLE (Groundball, 34, EV 109.4 MPH)
Johnnie Walker to second
Runner from 2nd tries for 3rd, SAFE, throw by RF made to third
Batting: RHB Craig Kornfeld 0-0: Ball
1-0: Foul Ball, location: 2F
1-1: Grounds into double play, 5-4-3 (Groundball, 56, EV 102.5 MPH)
Bottom of the 5th over - 0 runs, 2 hits, 0 errors, 1 left on base; Summit 0 - Aberdeen 1
TOP OF THE 6TH
Summit Red Dragons batting - Pitching for Aberdeen Ironbirds : RHP Danny Cox
Batting: RHB Kenneth Gordon 0-0: Ball
1-0: Ball
2-0: Called Strike
2-1: Ground out 4-3 (Groundball, 4M, EV 81.3 MPH)
Batting: RHB Manuel Villa 0-0: Ball
1-0: Called Strike
1-1: Called Strike
1-2: Foul Ball, location: 2F
1-2: Foul Ball, location: 2F
1-2: Foul Ball, location: 2F
1-2: Strikes out swinging
Batting: LHB Dave Leeper 0-0: Ground out 6-3 (Groundball, 6M, EV 85.6 MPH)
Top of the 6th over - 0 runs, 0 hits, 0 errors, 0 left on base; Summit 0 - Aberdeen 1
BOTTOM OF THE 6TH
Aberdeen Ironbirds batting - Pitching for Summit Red Dragons : LHP Lee Guetterman
Batting: SHB Nelson Simmons 0-0: Called Strike
0-1: Ball
1-1: Fly out, F6 (Flyball, 56D, EV 81.3 MPH)
Batting: RHB Harry McCulla 0-0: Ball
1-0: Ball
2-0: Ball
3-0: Called Strike
3-1: Fly out, F7 (Flyball, 7LD, EV 79.4 MPH)
Batting: RHB Victor Trujillo 0-0: Ground out 6-3 (Groundball, 6, EV 93.8 MPH)
Bottom of the 6th over - 0 runs, 0 hits, 0 errors, 0 left on base; Summit 0 - Aberdeen 1
TOP OF THE 7TH
Summit Red Dragons batting - Pitching for Aberdeen Ironbirds : RHP Danny Cox
Batting: RHB Pedro Hernandez 0-0: Called Strike
0-1: Called Strike
0-2: Ball
1-2: Ball
2-2: Ground out 6-3 (Groundball, 56, EV 102.5 MPH)
Batting: SHB Craig Smajstrla 0-0: Called Strike
0-1: Ball
1-1: Foul Ball, location: 2F
1-2: Ground out 6-3 (Groundball, 6M, EV 86.9 MPH)
Batting: RHB Gregory Norman 0-0: Ball
1-0: Fly out, F7 (Flyball, 7S, EV 83.1 MPH)
Top of the 7th over - 0 runs, 0 hits, 0 errors, 0 left on base; Summit 0 - Aberdeen 1
BOTTOM OF THE 7TH
Aberdeen Ironbirds batting - Pitching for Summit Red Dragons : LHP Lee Guetterman
Batting: RHB Alex Zermeno 0-0: Called Strike
0-1: Ball
1-1: Ground out 1-3 (Groundball, P, EV 83.8 MPH)
Batting: LHB Steve Turco 0-0: SINGLE (Groundball, 3D, EV 93.8 MPH)
Batting: RHB Armando Morell 0-0: Ball
1-0: Ball
2-0: Foul Ball, location: 2F
2-1: Ball
3-1: Fielders Choice at 2nd, 6-4 (Groundball, 6, EV 80.0 MPH)
Batting: RHB Johnnie Walker 0-0: Ball
1-0: Ball
2-0: Called Strike
2-1: Fly out, F8 (Flyball, 8RD, EV 100.6 MPH)
Bottom of the 7th over - 0 runs, 1 hit, 0 errors, 1 left on base; Summit 0 - Aberdeen 1
TOP OF THE 8TH
Summit Red Dragons batting - Pitching for Aberdeen Ironbirds : RHP Danny Cox
Batting: RHB Sean Severns 0-0: Called Strike
0-1: Ball
1-1: Ground out 6-3 (Groundball, 56S, EV 90.6 MPH)
Batting: RHB Charles Jennings 0-0: Called Strike
0-1: Ball
1-1: Called Strike
1-2: Strikes out looking
Batting: RHB Javier Flores 0-0: SINGLE (Line Drive, 78M, EV 95.0 MPH)
Pinch Hitting: LHB Randy Salava 0-0: Ball
1-0: DOUBLE (Line Drive, 9LS, EV 94.4 MPH)
Javier Flores to third
Runner from 3rd tries for Home, SAFE, no throw by RF
Batting: RHB Manuel Villa 0-0: Ball
1-0: Ground out 4-3 (Groundball, 4M, EV 103.8 MPH)
Top of the 8th over - 1 run, 2 hits, 0 errors, 1 left on base; Summit 1 - Aberdeen 1
BOTTOM OF THE 8TH
Aberdeen Ironbirds batting - Pitching for Summit Red Dragons : LHP Lee Guetterman
Now at 3B: Alfredo Rodriguez
Batting: LHB Lorenzo Bundy 0-0: Ball
1-0: Swinging Strike
1-1: Foul Ball, location: 2F
1-2: Strikes out looking
Batting: RHB Craig Kornfeld 0-0: Called Strike
0-1: Fly out, F3 (Popup, 3L, EV 80.6 MPH)
Batting: SHB Nelson Simmons 0-0: Called Strike
0-1: Called Strike
0-2: Ball
1-2: Ball
2-2: Fly out, F5 (Popup, 25F, EV 85.6 MPH)
Bottom of the 8th over - 0 runs, 0 hits, 0 errors, 0 left on base; Summit 1 - Aberdeen 1
TOP OF THE 9TH
Summit Red Dragons batting - Pitching for Aberdeen Ironbirds : RHP Danny Cox
Pitching: RHP Bill Swaggerty
Batting: LHB Dave Leeper 0-0: Reached on error, E6 (Groundball, 6, EV 86.3 MPH)
Pinch Hitting: LHB Virgilio Silverio 0-0: Bunted foul
0-1: Ball
1-1: Bunted foul
1-2: Foul Ball, location: 2F
1-2: Ball
2-2: Fielders Choice at 2nd, 4-6 (Groundball, 4, EV 90.6 MPH)
Batting: SHB Craig Smajstrla 0-0: Called Strike
Virgilio Silverio steals 2nd base
0-1: Ball
Virgilio Silverio is caught stealing 3rd base 2-5
1-1: Fly out, F9 (Line Drive, 9, EV 94.4 MPH)
Top of the 9th over - 0 runs, 0 hits, 1 error, 0 left on base; Summit 1 - Aberdeen 1
BOTTOM OF THE 9TH
Aberdeen Ironbirds batting - Pitching for Summit Red Dragons : LHP Lee Guetterman
Now at SS: Randall Schlosser
Batting: RHB Harry McCulla 0-0: Ball
1-0: Ball
2-0: Ball
3-0: Base on Balls
Batting: RHB Victor Trujillo 0-0: Bunt missed!
0-1: Ball
1-1: Bunt missed!
1-2: Fly out, F6 (Popup, 6D, EV 30.6 MPH)
Pinch Hitting: RHB Patrick Rubino 0-0: Swinging Strike
0-1: Foul Ball, location: 2F
0-2: Ball
1-2: Ball
2-2: Fly out, F9 (Flyball, 9S, EV 81.9 MPH)
Pinch Hitting: RHB Paul Spillane 0-0: Ball
1-0: Ball
2-0: Ball
3-0: Base on Balls
Harry McCulla to second
Batting: RHB Armando Morell 0-0: Called Strike
0-1: Foul Ball, location: 2F
0-2: Ball
1-2: Ball
2-2: Fielders Choice at 2nd, 6-4 (Groundball, 6, EV 84.4 MPH)
Bottom of the 9th over - 0 runs, 0 hits, 0 errors, 2 left on base; Summit 1 - Aberdeen 1
TOP OF THE 10TH
Summit Red Dragons batting - Pitching for Aberdeen Ironbirds : RHP Bill Swaggerty
Now at SS: Graham Conklin
Now in RF: Donald Nicolet
Batting: RHB Gregory Norman 0-0: Ball
1-0: Ball
2-0: Called Strike
2-1: Ball
3-1: Base on Balls
Batting: RHB Sean Severns 0-0: Called Strike
0-1: Ball
1-1: Foul Ball, location: 2F
1-2: Foul Ball, location: 2F
1-2: Ball
2-2: Ball
3-2: Fly out, F9 (Flyball, 9, EV 90.0 MPH)
Batting: RHB Charles Jennings 0-0: Ball
Gregory Norman is caught stealing 2nd base 2-4
1-0: Ball
2-0: Ball
3-0: Called Strike
3-1: Called Strike
3-2: Base on Balls
Batting: RHB Javier Flores 0-0: Called Strike
0-1: Ground out 4-3 (Groundball, 4, EV 82.5 MPH)
Top of the 10th over - 0 runs, 0 hits, 0 errors, 1 left on base; Summit 1 - Aberdeen 1
BOTTOM OF THE 10TH
Aberdeen Ironbirds batting - Pitching for Summit Red Dragons : LHP Lee Guetterman
Pitching: RHP Mickey Replogle
Batting: RHB Johnnie Walker 0-0: Foul Ball, location: 2F
0-1: Ball
1-1: SINGLE (Groundball, 6, EV 91.9 MPH) (infield hit)
Batting: LHB Lorenzo Bundy 0-0: Grounds into double play, 4-6-3 (Groundball, 4, EV 101.9 MPH)
Batting: RHB Craig Kornfeld 0-0: Ball
1-0: Ball
2-0: Called Strike
2-1: Swinging Strike
2-2: Strikes out swinging
Bottom of the 10th over - 0 runs, 1 hit, 0 errors, 0 left on base; Summit 1 - Aberdeen 1
TOP OF THE 11TH
Summit Red Dragons batting - Pitching for Aberdeen Ironbirds : RHP Bill Swaggerty
Pitching: RHP Michael Befort
Batting: LHB Alfredo Rodriguez 0-0: Called Strike
0-1: Foul Ball, location: 2F
0-2: Fly out, F8 (Line Drive, 8RD, EV 108.1 MPH)
Pinch Hitting: RHB Steven Campbell 0-0: Foul Ball, location: 2F
0-1: Ball
1-1: Ground out 6-3 (Groundball, 6, EV 81.9 MPH)
Batting: LHB Dave Leeper 0-0: Ground out 5-3 (Groundball, 5L, EV 103.8 MPH)
Top of the 11th over - 0 runs, 0 hits, 0 errors, 0 left on base; Summit 1 - Aberdeen 1
BOTTOM OF THE 11TH
Aberdeen Ironbirds batting - Pitching for Summit Red Dragons : RHP Mickey Replogle
Now in LF: Steven Campbell
Batting: SHB Nelson Simmons 0-0: SINGLE (Groundball, 6M, EV 110.6 MPH) (infield hit)
Batting: RHB Harry McCulla 0-0: Swinging Strike
0-1: Ball
1-1: Fly out, F9 (Line Drive, 9, EV 91.9 MPH)
Batting: RHB Victor Trujillo 0-0: Called Strike
0-1: Foul Ball, location: 2F
0-2: Fly out, F3 (Popup, 4S, EV 77.5 MPH)
Batting: RHB Graham Conklin 0-0: Ball
1-0: Ball
2-0: Ball
3-0: Base on Balls
Nelson Simmons to second
Batting: RHB Donald Nicolet 0-0: Ball
1-0: Ball
2-0: Ball
3-0: Base on Balls
Nelson Simmons to third
Graham Conklin to second
Batting: RHB Armando Morell 0-0: Ball
1-0: Called Strike
1-1: Ball
2-1: Swinging Strike
2-2: Foul Ball, location: 2F
2-2: Strikes out swinging
Bottom of the 11th over - 0 runs, 1 hit, 0 errors, 3 left on base; Summit 1 - Aberdeen 1
TOP OF THE 12TH
Summit Red Dragons batting - Pitching for Aberdeen Ironbirds : RHP Michael Befort
Pinch Hitting: RHB Rico Sutton 0-0: SOLO HOME RUN (Flyball, 7D, EV 103.8 MPH), Distance : 351 ft
Batting: SHB Craig Smajstrla 0-0: Ball
1-0: Ball
2-0: Fly out, F8 (Flyball, 8LM, EV 81.9 MPH)
Batting: RHB Gregory Norman 0-0: Foul Ball, location: 2F
0-1: Ball
1-1: Ball
2-1: Ball
3-1: Ground out U3 (Groundball, 3, EV 78.1 MPH)
Batting: RHB Sean Severns 0-0: Ball
1-0: Swinging Strike
1-1: Foul Ball, location: 2F
1-2: Ball
2-2: Fly out, F7 (Flyball, 7S, EV 74.4 MPH)
Top of the 12th over - 1 run, 1 hit, 0 errors, 0 left on base; Summit 2 - Aberdeen 1
BOTTOM OF THE 12TH
Aberdeen Ironbirds batting - Pitching for Summit Red Dragons : RHP Mickey Replogle
Pitching: RHP Tim Meckes
Now at 1B: Ronald Doss
Now at SS: Christopher Goodyear
Batting: RHB Johnnie Walker 0-0: Swinging Strike
0-1: Ball
1-1: Ball
2-1: Ball
3-1: Foul Ball, location: 2F
3-2: Strikes out swinging
Batting: LHB Lorenzo Bundy 0-0: Ball
1-0: Ball
2-0: Called Strike
2-1: Ball
3-1: Swinging Strike
3-2: Foul Ball, location: 2F
3-2: Foul Ball, location: 2F
3-2: Strikes out swinging
Batting: RHB Craig Kornfeld 0-0: Swinging Strike
0-1: Ball
1-1: Foul Ball, location: 2F
1-2: Strikes out swinging
Bottom of the 12th over - 0 runs, 0 hits, 0 errors, 0 left on base; Summit 2 - Aberdeen 1
Friday, August 14th, 2020 - OOTP Baseball 21.5 Build 76